 Dungeon Crawl Stone Soup version 0.31-a0-965-g8a8ce12e04 (webtiles) character file.

Game seed: 12198203865124702961

99 Dordric the Changeling (level 4, -6/28 HPs)
             Began as an Octopode Shapeshifter on Oct 26, 2023.
             Splashed by a jelly's acid (8 damage)
             ... on level 6 of the Dungeon.
             The game lasted 00:01:54 (2370 turns).

Dordric the Changeling (Octopode Shapeshifter)      Turns: 2370, Time: 00:01:55

Health: -6/28      AC:  1    Str: 15      XL:     4   Next: 72%
Magic:  4/4        EV: 13    Int: 12      God:
Gold:   171        SH:  0    Dex: 10 (11) Spells: 3/3 levels left

rFire   . . .        h - +2 dagger (venom)
rCold   . . .        (no shield)
rNeg    . . .        (helmet currently unavailable)
rPois   .            (no amulet)
rElec   .            (no ring)
rCorr   .            (no ring)
SInv    .            (no ring)
Will    .....        (no ring)
Stlth   ++           (no ring)
HPRegen 0.24/turn    (no ring)
MPRegen 0.09/turn    (no ring)
                     (no ring)

%: no passive effects
@: beast-form
A: beast (slay +2), almost no armour, amphibious, 8 rings, camouflage 1,
gelatinous body 1, (nimble swimmer 1), tentacles
a: Begin Untransformation


You were on level 6 of the Dungeon.
You were a hulking beast.
You visited 1 branch of the dungeon, and saw 4 of its levels.

You collected 171 gold pieces.

Inventory:

Hand Weapons
 h - a +2 dagger of venom (weapon)
Talismans
 b - a beast talisman
 c - a flux talisman
Scrolls
 d - 2 scrolls of noise {unknown}
 e - a scroll of immolation {unknown}
 f - 2 scrolls of identify {unknown}
 i - a scroll of blinking {unknown}
 j - 5 scrolls of teleportation {unknown}
 k - 2 scrolls of revelation {unknown}
 l - a scroll of poison {unknown}
 m - a scroll of silence {unknown}
Potions
 a - a potion of lignification
 g - a potion of invisibility {unknown}
 n - a potion of haste {unknown}
 o - a potion of heal wounds {unknown}


   Skills:
 - Level 1.0 Fighting
 - Level 2.0 Dodging
 - Level 3.0 Unarmed Combat
 + Level 5.0 Shapeshifting


You had 3 spell levels left.
You didn't know any spells.
Your spell library contained the following spells:

 Spells                   Type           Power      Damage    Failure   Level
 Static Discharge         Conj/Air       0%         3-3/arc   45%         2
 Dazzling Flash           Conj/Hex       0%         N/A       69%         3
 Airstrike                Air            0%         2d(0-16)  97%         4
 Summon Lightning Spire   Summ/Air       0%         N/A       97%         4
 Agony                    Necr           0%         N/A       100%        5
 Silence                  Hex/Air        0%         N/A       100%        5


Dungeon Overview and Level Annotations

Branches:
Dungeon (3/15)

Altars:

Annotations:
D:6 Eustachio


Innate Abilities, Weirdness & Mutations

You are a hulking beast.
Your limbs bulge with bestial killing power. (Slay +2)
You cannot wear most types of armour.
You are amphibious.
You can wear up to eight rings at the same time.
Your skin changes colour to match your surroundings (Stealth+).
Your rubbery body absorbs attacks. (AC +1, EV +1)
((You are camouflaged when in or above water. (Stealth+)))
You have tentacles for arms and can constrict up to eight enemies at once.


Message History

You completely miss the white imp.
The white imp is severely wounded.
You constrict the white imp. The white imp gestures at you.
The puff of frost misses you.
You hit the white imp.
You kill the white imp!
Your Shapeshifting skill increases to level 5!
HP restored.
You now have 171 gold pieces (gained 17).
Found a stone staircase leading down.
Eustachio the Magnificent comes into view.
He is wielding a +0 rapier.
Found an escape hatch in the floor.
A jelly comes into view.
A black bear comes into view.
You barely miss Eustachio.
The jelly quivers.
The black bear growls angrily.
Your grab misses Eustachio. Your squeeze misses Eustachio.
Eustachio hits you with a +0 rapier!
You puncture Eustachio! Your grab misses Eustachio.
Eustachio is moderately wounded.
Eustachio mumbles some strange words.
You hit Eustachio.
Eustachio is poisoned.
Your grab misses Eustachio.
Eustachio is moderately wounded.
The quasit bites you. The quasit closely misses you.
The quasit barely misses you. The jelly hits you.
You are splashed with acid!
* * * LOW HITPOINT WARNING * * *
Eustachio barely misses you.
You barely miss Eustachio. Your grab misses Eustachio.
Eustachio is moderately wounded.
The quasit barely misses you. The quasit claws you.
* * * LOW HITPOINT WARNING * * *
The quasit claws you.
* * * LOW HITPOINT WARNING * * *
You feel clumsy. The jelly hits you.
* * * LOW HITPOINT WARNING * * *
You are splashed with acid!
You die...

..........
..........
.>.......#####
.............#
.......h....#
......?.....#
#.....J@....#
#....5h....#
##.........#
##..#.....#
####.....#
##....# #....#
#....# #....#
#....#


You could see Eustachio (very poisoned), a black bear, a jelly and a quasit
(summoned).

Vanquished Creatures
  4 gnolls (D:3)
  An adder (D:2)
  A white imp (D:6)
  A worm (D:2)
  An orc (D:2)
  4 ball pythons
  An endoplasm (D:3)
  3 giant cockroaches (D:2)
  3 goblins
  7 hobgoblins
  3 kobolds
  2 quokkas (D:1)
  4 bats
  A frilled lizard (D:1)
  6 rats
42 creatures vanquished.

Notes
Turn   | Place    | Note
-------+----------+-------------------------------------------
     0 | D:1      | Dordric the Octopode Shapeshifter began the quest for the
                  | Orb.
     0 | D:1      | Reached XP level 1. HP: 13/13 MP: 1/1
   174 | D:1      | Reached XP level 2. HP: 18/18 MP: 2/2
   912 | D:2      | Reached XP level 3. HP: 23/23 MP: 3/3
   996 | D:2      | Reached skill level 4 in Shapeshifting
  1130 | D:2      | Identified the +0 robe of Red Salvation {Str+5 Int+5}
  1144 | D:2      | Found a faded altar of an unknown god.
  1658 | D:3      | Reached XP level 4. HP: 13/28 MP: 4/4
  2165 | D:3      | You fall into a shaft and drop 3 floors!
  2201 | D:6      | Reached skill level 5 in Shapeshifting
  2328 | D:6      | Noticed Eustachio
  2366 | D:6      | Noticed a black bear
  2370 | D:6      | Splashed by a jelly's acid

Illustrated notes

Levels and vault maps discovered:
D:1:      co_arrival_square_in_a_square_in_a_square, layout_basic,
          minmay_pentomino_v2
D:2:      layout_basic, hellmonk_ecumenical_altar_leap_of_faith,
          grunt_decor_fettered, amcnicky_mini_corridor_feature
D:3:      layout_loops_ring, nicolae_overflow_squiral
D:6:      layout_cave_pods, uniq_eustachio, uniq_blork_the_orc, uniq_sigmund

Skill      XL: |  1  2  3  4 |
---------------+-------------+-----
Shapeshifting  | 4 5 |  5.0
Fighting       | |  1.0
Dodging        | |  2.0
Unarmed Combat | |  3.0

Action                     |  1- 3 |  4- 6 || total
---------------------------+-------+-------++-------
  Melee: Unarmed           |    41 |       ||    41
         Constrict         |    16 |     2 ||    18
         Tentacles         |     7 |     5 ||    12
         Punch             |     2 |     2 ||     4
         Dagger            |    25 |    22 ||    47
   Stab: Sleeping          |     6 |     2 ||     8
 Armour: Skin              |    15 |    14 ||    29
  Dodge: Dodged            |    35 |    27 ||    62

Table legend: (Time is in decaauts)
 A = Elapsed time spent in this place.
 B = Non-inter-level travel time spent in this place.
 C = Inter-level travel time spent in this place.
 D = Time resting spent in this place.
 E = Time spent auto-exploring this place.
 F = Levels seen in this place.
 G = Mean time per level.
                   A        B        C        D        E       F      G
               +--------+--------+--------+--------+--------+-----+--------+
         Total |   2369 |   2322 |     47 |    134 |   1831 |   4 |  592.2 |
       Dungeon |   2369 |   2322 |     47 |    134 |   1831 |   4 |  592.2 |
               +--------+--------+--------+--------+--------+-----+--------+

Top non-repeatable levels by time:
     D:2: 1046 daAuts
     D:1: 667 daAuts
     D:3: 451 daAuts
     D:6: 204 daAuts
